TOP OF THE 1ST |
State College Spikes batting - Pitching for Detroit Dirty Snow : RHP Alberto Bustamante
|
Pitching: RHP Alberto Bustamante
|
|
Batting: RHB Jorge Molina
|
0-0: Ball 1-0: Swinging Strike 1-1: Called Strike 1-2: Foul Ball, location: 2F 1-2: Ball 2-2: Strikes out swinging
|
Batting: RHB Sergio Serrano
|
0-0: Ball 1-0: Called Strike 1-1: Ground out 4-3 (Groundball, 4)
|
Batting: RHB Iván Romero
|
0-0: Called Strike 0-1: Swinging Strike 0-2: Ball 1-2: Strikes out swinging
|
Top of the 1st over - 0 runs, 0 hits, 0 errors, 0 left on base; State College 0 - Detroit 0 |
BOTTOM OF THE 1ST |
Detroit Dirty Snow batting - Pitching for State College Spikes : RHP Dustin Velásquez
|
Pitching: RHP Dustin Velásquez
|
|
Batting: LHB Lee Jenkins
|
0-0: Ball 1-0: Foul Ball, location: 2F 1-1: Ground out U3 (Groundball, 34)
|
Batting: RHB Mauro Peña
|
0-0: Ball 1-0: Swinging Strike 1-1: SINGLE (Line Drive, 6D)
|
Batting: LHB Al Cramer
|
0-0: Ball Mauro Peña is caught stealing 2nd base 1-0: Ball 2-0: Called Strike 2-1: Fly out, F8 (Flyball, 8LS)
|
Bottom of the 1st over - 0 runs, 1 hit, 0 errors, 0 left on base; State College 0 - Detroit 0 |
TOP OF THE 2ND |
State College Spikes batting - Pitching for Detroit Dirty Snow : RHP Alberto Bustamante
|
Batting: LHB Javier Morales
|
0-0: Called Strike 0-1: Foul Ball, location: 2F 0-2: Strikes out looking
|
Batting: RHB Héctor Villarreal
|
0-0: Called Strike 0-1: SINGLE (Groundball, 6D)
|
Batting: RHB António Trevino
|
0-0: SINGLE (Groundball, 56D) Héctor Villarreal to second
|
Batting: LHB Edward Norton
|
0-0: Ball 1-0: Foul Ball, location: 2F 1-1: Foul Ball, location: 2F 1-2: Strikes out swinging
|
Batting: RHB Norberto Márquez
|
0-0: Ball 1-0: Ball 2-0: Called Strike 2-1: Ball 3-1: Swinging Strike 3-2: Base on Balls Héctor Villarreal to third António Trevino to second
|
Batting: RHB Víctor Polanco
|
0-0: Called Strike 0-1: Swinging Strike 0-2: Foul Ball, location: 2F 0-2: Ball 1-2: Strikes out swinging
|
Top of the 2nd over - 0 runs, 2 hits, 0 errors, 3 left on base; State College 0 - Detroit 0 |
BOTTOM OF THE 2ND |
Detroit Dirty Snow batting - Pitching for State College Spikes : RHP Dustin Velásquez
|
Batting: SHB Víctor Torres
|
0-0: Ball 1-0: Swinging Strike 1-1: Swinging Strike 1-2: Foul Ball, location: 2F 1-2: Strikes out swinging
|
Batting: RHB Phil Poole
|
0-0: Foul Ball, location: 2F 0-1: SOLO HOME RUN (Flyball, 7D), Distance : 386 ft
|
Batting: LHB Luis Salazar
|
0-0: Ball 1-0: Foul Ball, location: 2F 1-1: Fly out, F9 (Flyball, 9LMF)
|
Batting: LHB Joe Hanson
|
0-0: Called Strike 0-1: SINGLE (Groundball, 4MD)
|
Batting: RHB Manuel Flores
|
0-0: Ball 1-0: Fly out, F8 (Flyball, 78D)
|
Bottom of the 2nd over - 1 run, 2 hits, 0 errors, 1 left on base; State College 0 - Detroit 1 |
TOP OF THE 3RD |
State College Spikes batting - Pitching for Detroit Dirty Snow : RHP Alberto Bustamante
|
Batting: RHB Jorge Molina
|
0-0: Called Strike 0-1: Foul Ball, location: 2F 0-2: Fly out, F9 (Flyball, 9LSF)
|
Batting: RHB Sergio Serrano
|
0-0: Ball 1-0: Ball 2-0: Ball 3-0: Foul Ball, location: 2F 3-1: Base on Balls
|
Batting: RHB Iván Romero
|
0-0: Foul Ball, location: 2F 0-1: Ball 1-1: Ball 2-1: Called Strike 2-2: Foul Ball, location: 2F 2-2: Ball 3-2: Base on Balls Sergio Serrano to second
|
Batting: LHB Javier Morales
|
0-0: Called Strike 0-1: DOUBLE (Line Drive, 89D) Sergio Serrano scores Iván Romero to third
|
Batting: RHB Héctor Villarreal
|
0-0: Called Strike 0-1: Ball 1-1: Ground out 6-3 (Groundball, 6) Iván Romero scores Javier Morales to third
|
Batting: RHB António Trevino
|
0-0: Ball 1-0: Foul Ball, location: 2F 1-1: Swinging Strike 1-2: Strikes out swinging
|
Top of the 3rd over - 2 runs, 1 hit, 0 errors, 1 left on base; State College 2 - Detroit 1 |
BOTTOM OF THE 3RD |
Detroit Dirty Snow batting - Pitching for State College Spikes : RHP Dustin Velásquez
|
Batting: RHB Dennis Brown
|
0-0: Foul Ball, location: 2F 0-1: Called Strike 0-2: SINGLE (Line Drive, 6D)
|
Batting: LHB Lee Jenkins
|
0-0: Foul Ball, location: 2F 0-1: Ball 1-1: Called Strike 1-2: Ball 2-2: Foul Ball, location: 2F 2-2: Ball 3-2: Strikes out swinging Dennis Brown is caught stealing 2nd base Batter strikes out.
|
Batting: RHB Mauro Peña
|
0-0: Ground out U3 (Groundball, 3)
|
Bottom of the 3rd over - 0 runs, 1 hit, 0 errors, 0 left on base; State College 2 - Detroit 1 |
TOP OF THE 4TH |
State College Spikes batting - Pitching for Detroit Dirty Snow : RHP Alberto Bustamante
|
Batting: LHB Edward Norton
|
0-0: Called Strike 0-1: Foul Ball, location: 2F 0-2: Ball 1-2: Strikes out swinging
|
Batting: RHB Norberto Márquez
|
0-0: Ball 1-0: Foul Ball, location: 2F 1-1: Ground out 4-3 (Groundball, 34)
|
Batting: RHB Víctor Polanco
|
0-0: Ball 1-0: Foul Ball, location: 2F 1-1: Ball 2-1: Swinging Strike 2-2: Foul Ball, location: 2F 2-2: Strikes out looking
|
Top of the 4th over - 0 runs, 0 hits, 0 errors, 0 left on base; State College 2 - Detroit 1 |
BOTTOM OF THE 4TH |
Detroit Dirty Snow batting - Pitching for State College Spikes : RHP Dustin Velásquez
|
Batting: LHB Al Cramer
|
0-0: Ball 1-0: Swinging Strike 1-1: Foul Ball, location: 2F 1-2: Ball 2-2: Foul Ball, location: 2F 2-2: Foul Ball, location: 2F 2-2: Fly out, F6 (Popup, 6)
|
Batting: SHB Víctor Torres
|
0-0: Ball 1-0: Ball 2-0: Ground out 4-3 (Groundball, 4)
|
Batting: RHB Phil Poole
|
0-0: Foul Ball, location: 2F 0-1: Called Strike 0-2: Strikes out swinging
|
Bottom of the 4th over - 0 runs, 0 hits, 0 errors, 0 left on base; State College 2 - Detroit 1 |
TOP OF THE 5TH |
State College Spikes batting - Pitching for Detroit Dirty Snow : RHP Alberto Bustamante
|
Batting: RHB Jorge Molina
|
0-0: Called Strike 0-1: Foul Ball, location: 2F 0-2: Ball 1-2: Strikes out looking
|
Batting: RHB Sergio Serrano
|
0-0: Ball 1-0: Ball 2-0: Ball 3-0: Base on Balls
|
Pitching: RHP Jesús Mendoza
|
|
Batting: RHB Iván Romero
|
0-0: Ball Sergio Serrano is caught stealing 2nd base 1-0: Foul Ball, location: 2F 1-1: Ball 2-1: Ground out 1-3 (Groundball, 13)
|
Top of the 5th over - 0 runs, 0 hits, 0 errors, 0 left on base; State College 2 - Detroit 1 |
BOTTOM OF THE 5TH |
Detroit Dirty Snow batting - Pitching for State College Spikes : RHP Dustin Velásquez
|
Batting: LHB Luis Salazar
|
0-0: SINGLE (Groundball, 25) (infield hit)
|
Batting: LHB Joe Hanson
|
0-0: Ball 1-0: Fielders Choice at 2nd, 1-6 (Groundball, 13S)
|
Batting: RHB Manuel Flores
|
0-0: Ball Joe Hanson steals 2nd base 1-0: Ball 2-0: Ball 3-0: Called Strike 3-1: Swinging Strike 3-2: Foul Ball, location: 2F 3-2: Foul Ball, location: 2F 3-2: Strikes out swinging
|
Batting: RHB Dennis Brown
|
0-0: Called Strike 0-1: Foul Ball, location: 2F 0-2: Ball 1-2: Strikes out swinging
|
Bottom of the 5th over - 0 runs, 1 hit, 0 errors, 1 left on base; State College 2 - Detroit 1 |
TOP OF THE 6TH |
State College Spikes batting - Pitching for Detroit Dirty Snow : RHP Jesús Mendoza
|
Batting: LHB Javier Morales
|
0-0: Called Strike 0-1: Ground out U3 (Groundball, 3)
|
Batting: RHB Héctor Villarreal
|
0-0: Called Strike 0-1: Ball 1-1: Swinging Strike 1-2: Strikes out looking
|
Batting: RHB António Trevino
|
0-0: Ball 1-0: Ball 2-0: Swinging Strike 2-1: Swinging Strike 2-2: Strikes out swinging
|
Top of the 6th over - 0 runs, 0 hits, 0 errors, 0 left on base; State College 2 - Detroit 1 |
BOTTOM OF THE 6TH |
Detroit Dirty Snow batting - Pitching for State College Spikes : RHP Dustin Velásquez
|
Batting: LHB Lee Jenkins
|
0-0: Ball 1-0: Ball 2-0: Ball 3-0: Called Strike 3-1: SOLO HOME RUN (Flyball, 8RXD), Distance : 433 ft
|
Batting: RHB Mauro Peña
|
0-0: Ground out 5-3 (Groundball, 56)
|
Batting: LHB Al Cramer
|
0-0: Ball 1-0: Swinging Strike 1-1: Ball 2-1: Ball 3-1: Base on Balls
|
Batting: SHB Víctor Torres
|
0-0: Called Strike 0-1: 2-RUN HOME RUN (Flyball, 9LD), Distance : 360 ft
|
Pitching: RHP Billy Davis
|
|
Batting: RHB Phil Poole
|
0-0: Called Strike 0-1: Ball 1-1: Foul Ball, location: 2F 1-2: Foul Ball, location: 2F 1-2: SINGLE (Groundball, 25) (infield hit)
|
Batting: LHB Luis Salazar
|
0-0: Ball 1-0: Ball 2-0: Fly out, F6 (Line Drive, 6M)
|
Batting: LHB Joe Hanson
|
0-0: Called Strike 0-1: Ball 1-1: Ball 2-1: Foul Ball, location: 2F 2-2: Strikes out swinging
|
Bottom of the 6th over - 3 runs, 3 hits, 0 errors, 1 left on base; State College 2 - Detroit 4 |
TOP OF THE 7TH |
State College Spikes batting - Pitching for Detroit Dirty Snow : RHP Jesús Mendoza
|
Batting: LHB Edward Norton
|
0-0: Ball 1-0: Swinging Strike 1-1: Ball 2-1: Ball 3-1: Base on Balls
|
Batting: RHB Norberto Márquez
|
0-0: Ball 1-0: Foul Ball, location: 2F 1-1: Swinging Strike 1-2: Ball 2-2: Foul Ball, location: 2F 2-2: Strikes out swinging
|
Batting: RHB Víctor Polanco
|
0-0: Ball 1-0: Swinging Strike 1-1: Foul Ball, location: 2F 1-2: SINGLE (Line Drive, 6D) Edward Norton to second
|
Pinch Hitting: LHB Mark Watson
|
0-0: Ball 1-0: Called Strike 1-1: Swinging Strike 1-2: Strikes out swinging
|
Batting: RHB Sergio Serrano
|
0-0: Ball 1-0: Swinging Strike 1-1: Swinging Strike 1-2: Strikes out looking
|
Top of the 7th over - 0 runs, 1 hit, 0 errors, 2 left on base; State College 2 - Detroit 4 |
BOTTOM OF THE 7TH |
Detroit Dirty Snow batting - Pitching for State College Spikes : RHP Billy Davis
|
Now at 2B: Juan Camacho
|
|
Batting: RHB Manuel Flores
|
0-0: Fly out, F8 (Flyball, 8LD)
|
Batting: RHB Dennis Brown
|
0-0: Ball 1-0: Swinging Strike 1-1: SOLO HOME RUN (Flyball, 7LD), Distance : 367 ft
|
Batting: LHB Lee Jenkins
|
0-0: Called Strike 0-1: Fly out, F9 (Flyball, 89D)
|
Batting: RHB Mauro Peña
|
0-0: Reached via error on a dropped throw, E1
|
Batting: LHB Al Cramer
|
0-0: Ground out 5-3 (Groundball, 56S)
|
Bottom of the 7th over - 1 run, 1 hit, 1 error, 1 left on base; State College 2 - Detroit 5 |
TOP OF THE 8TH |
State College Spikes batting - Pitching for Detroit Dirty Snow : RHP Jesús Mendoza
|
Batting: RHB Iván Romero
|
0-0: Called Strike 0-1: Foul Ball, location: 2F 0-2: SINGLE (Groundball, 56D)
|
Batting: LHB Javier Morales
|
0-0: Ball 1-0: Grounds into double play, 1-6-3 (Groundball, 13)
|
Batting: RHB Héctor Villarreal
|
0-0: Swinging Strike 0-1: Ball 1-1: Called Strike 1-2: Ball 2-2: Strikes out looking
|
Top of the 8th over - 0 runs, 1 hit, 0 errors, 0 left on base; State College 2 - Detroit 5 |
BOTTOM OF THE 8TH |
Detroit Dirty Snow batting - Pitching for State College Spikes : RHP Billy Davis
|
Batting: SHB Víctor Torres
|
0-0: Ball 1-0: Foul Ball, location: 2F 1-1: Foul Ball, location: 2F 1-2: Ball 2-2: Strikes out swinging
|
Batting: RHB Phil Poole
|
0-0: Called Strike 0-1: Swinging Strike 0-2: Ball 1-2: Ball 2-2: SINGLE (Flyball, 8LS)
|
Batting: LHB Luis Salazar
|
0-0: Called Strike 0-1: Called Strike 0-2: Ball 1-2: Ball 2-2: SINGLE (Line Drive, 56D) Phil Poole to second
|
Batting: LHB Joe Hanson
|
0-0: Ball 1-0: SINGLE (Groundball, 34D) Phil Poole to third Luis Salazar to second Runner from 3rd tries for Home, SAFE, no throw
|
Pitching: LHP Dan Brown
|
|
Batting: RHB Manuel Flores
|
0-0: Ball Luis Salazar steals 3rd base Joe Hanson to second 1-0: Called Strike 1-1: Foul Ball, location: 2F 1-2: Foul Ball, location: 2F 1-2: Strikes out swinging
|
Batting: RHB Dennis Brown
|
0-0: Ball 1-0: Foul Ball, location: 2F 1-1: Foul Ball, location: 2F 1-2: Strikes out looking
|
Bottom of the 8th over - 1 run, 3 hits, 0 errors, 2 left on base; State College 2 - Detroit 6 |
TOP OF THE 9TH |
State College Spikes batting - Pitching for Detroit Dirty Snow : RHP Jesús Mendoza
|
Batting: RHB António Trevino
|
0-0: Ball 1-0: Swinging Strike 1-1: Foul Ball, location: 2F 1-2: Strikes out swinging
|
Batting: LHB Edward Norton
|
0-0: Swinging Strike 0-1: Swinging Strike 0-2: Ball 1-2: Strikes out swinging
|
Batting: RHB Norberto Márquez
|
0-0: Ball 1-0: Called Strike 1-1: Called Strike 1-2: Ball 2-2: Strikes out looking
|
Top of the 9th over - 0 runs, 0 hits, 0 errors, 0 left on base; State College 2 - Detroit 6 |
|